 Dungeon Crawl Stone Soup version 0.20-a0-1062-g7b787ac (webtiles) character file.

316 sugabear the Slasher (level 6, 0/32 HPs)
             Began as a Vine Stalker Gladiator on Apr 27, 2017.
             Killed by divine providence
             ... invoked by an orc priest
              (12 damage)
             ... on level 3 of the Dungeon.
             The game lasted 00:03:27 (1865 turns).

sugabear the Slasher (Vine Stalker Gladiator)       Turns: 1865, Time: 00:03:27

Health: 0/32       AC:  6    Str: 17    XL:     6   Next: 44%
Magic:  0/7        EV: 12    Int:  8    God:
Gold:   160        SH:  0    Dex: 17    Spells: 5/5 levels left

rFire    . . .     SeeInvis .   p - +1 falchion (holy)
rCold    . . .     Gourm    .   (no shield)
rNeg     . . .     Faith    .   l - +0 ring mail
rPois    .         Spirit   +   c - +0 helmet
rElec    .         Reflect  .   (no cloak)
rCorr    .         Harm     .   (no gloves)
MR       .....                  (no boots)
Stlth    +.........             (no amulet)
Regen    0.5/turn               (no ring)
MPRegen  0.1/turn               (no ring)

@: no status effects
A: fangs 2, regeneration 1, magic shield, antimagic bite, no potion heal 3, rot
immunity
a: no special abilities


You were on level 3 of the Dungeon.
You were hungry.

You visited 1 branch of the dungeon, and saw 3 of its levels.

You collected 160 gold pieces.

Inventory:

Hand Weapons
 a - a +0 long sword
 p - a +1 falchion of holy wrath (weapon)
Missiles
 d - 3 throwing nets (quivered)
Armour
 c - a +0 helmet (worn)
 l - a +0 ring mail (worn)
Jewellery
 q - an uncursed ring of protection from cold {unknown}
Scrolls
 b - a scroll of remove curse {unknown}
 e - a scroll of fog {unknown}
 g - a scroll of teleportation {unknown}
 h - a scroll of enchant weapon {unknown}
 i - 5 scrolls of identify {unknown}
 o - 2 scrolls of blinking {unknown}
Potions
 k - 2 potions of curing {unknown}
 m - 2 potions of heal wounds {unknown}
Comestibles
 f - 2 bread rations
 j - 3 royal jellies


   Skills:
 + Level 2.5 Fighting
 + Level 4.8 Long Blades
 + Level 1.9 Throwing
 + Level 1.7 Armour
 + Level 3.2 Dodging
 + Level 1.3 Stealth


You had 5 spell levels left.
You didn't know any spells.

Dungeon Overview and Level Annotations

Branches:
Dungeon (3/15)

Altars:


Innate Abilities, Weirdness & Mutations

You have extremely sharp teeth.
Your natural rate of healing is unusually fast.
When hurt, damage is shared between your health and your magic reserves.
Your bite disrupts and absorbs the magic of your enemies.
Potions cannot restore your health.
You are immune to rotting.


Message History

The orc priest is severely wounded.
The orc priest misses you.
You riposte.
You hit the orc priest.
You kill the orc priest!
The orc priest looks encouraged for a moment.
The orc priest closely misses you.
Things that are here:
a dagger; a glowing robe You hit the orc priest.
You bite the orc priest. You drain its power.
You feel invigorated.
The orc priest is severely wounded.
The orc priest hits you with a whip.
You hit the orc priest. You bite the orc priest. You drain its power.
The orc priest is almost dead.
The orc priest invokes the aid of Beogh against you.
Beogh smites you!
You barely miss the orc priest.
The orc priest is almost dead.
The orc priest calls down the wrath of Beogh upon you.
Beogh smites you!
You die...

############
.....†.....# ####
### ##..######.#
##########...####..
##.###
........#........#
###...#
#o................
≈≈#...# #@#
##.###.##. #≈#≈..#
#.# #.###.##.
#≈#≈..## #######.#
#.#.#.##. #≈≈≈≈..#
#.......# #..#..##.
#≈#≈...# #.#######
##.###..#.
#≈≈≈...###.# #.##
##... #≈#........#
##.###..#.
#≈≈≈...#####
#####..#.##.#
#≈≈...##
#.......#.##.


You could see an orc priest.

Vanquished Creatures
  A howler monkey (D:3)
  2 orc priests (D:3)
  An orc wizard (D:3)
  Jessica (D:3)
  3 adders
  2 river rats (D:3)
  An ooze (D:3)
  6 worms (D:3)
  3 dart slugs
  A leopard gecko (D:1)
  9 orcs (D:3)
  4 giant cockroaches
  4 goblins
  4 hobgoblins
  10 jackals
  A quokka (D:2)
  8 bats
  4 frilled lizards
  5 kobolds
  22 rats
92 creatures vanquished.

Notes
Turn   | Place    | Note
-------+----------+-------------------------------------------
     0 | D:1      | sugabear the Vine Stalker Gladiator began the quest for the Orb.
     0 | D:1      | Reached XP level 1. HP: 11/11 MP: 2/2
    31 | D:1      | Reached XP level 2. HP: 14/15 MP: 3/3
   218 | D:1      | Reached skill level 3 in Long Blades
   272 | D:1      | Reached XP level 3. HP: 17/18 MP: 2/4
  1078 | D:2      | Gained mutation: Your natural rate of healing is unusually fast. [Vine Stalker growth]
  1078 | D:2      | Reached XP level 4. HP: 13/23 MP: 3/5
  1540 | D:3      | Reached skill level 4 in Long Blades
  1540 | D:3      | Reached skill level 1 in Armour
  1540 | D:3      | Reached XP level 5. HP: 15/26 MP: 4/6
  1555 | D:3      | Noticed Jessica
  1558 | D:3      | Killed Jessica
  1558 | D:3      | Reached skill level 1 in Stealth
  1744 | D:3      | Reached XP level 6. HP: 21/32 MP: 7/7
  1865 | D:3      | Killed from afar by an orc priest

Vault maps used:
D:1:      dpeg_arrival_water_altar, serial_forest,
          infiniplex_forest_clump_medium, infiniplex_forest_clump_tiny,
          infiniplex_forest_clump_cross, infiniplex_forest_straight_1,
          infiniplex_forest_straight_2, infiniplex_forest_straight_5,
          infiniplex_forest_lined_ring, infiniplex_forest_straight_2,
          infiniplex_forest_lined_ring, infiniplex_forest_lined_3,
          minmay_rat_gold_closets
D:3:      lightli_sewer_entry_pipes, uniq_jessica

Skill      XL: |  1  2  3  4  5 |
---------------+----------------+-----
Long Blades    | 3 4 |  4.8
Fighting       | 2 |  2.5
Dodging        | 3 |  3.2
Armour         | 1 |  1.7
Stealth        | 1 |  1.3
Throwing       | |  1.9

Action                   |  1- 3 |  4- 6 || total
-------------------------+-------+-------++-------
Melee: Long sword        |    87 |    71 ||   158
       Bite              |    21 |    49 ||    70
       Falchion          |       |    75 ||    75
 Stab: Sleeping          |     4 |     1 ||     5
  Eat: Chunk             |       |     3 ||     3
Armor: Leather armour    |    33 |     5 ||    38
       Ring mail         |       |    25 ||    25
Dodge: Dodged            |    71 |    81 ||   152
       Rpst.: Long sword |    23 |     9 ||    32
       Falchion          |       |    20 ||    20
